 Dungeon Crawl Stone Soup version 0.16.1-18-g436b03c (webtiles) character file.

65370 senseless the Bludgeoner (level 14, -10/133 HPs)
             Began as a Minotaur Fighter on Apr 30, 2015.
             Mangled by a large abomination (25 damage)
             ... on level 1 of the Abyss.
             The game lasted 01:35:47 (19111 turns).

senseless the Bludgeoner (Minotaur Fighter)        Turns: 19111, Time: 01:35:48

Health: -10/133    AC: 19    Str: 28 (30) XL:     14   Next: 75%
Magic:  18/18      EV: 17    Int:  7 (9)  God:
Gold:   1100       SH: 15    Dex:  9 (13) Spells: 0 memorised, 21 levels left

rFire  + . .     SeeInvis .     L - +7 flail (protect)
rCold  + + .     Clarity  +     K - +2 leather armour of Mutzes {rC+ rN+ Int+4}
rNeg   + . .     SustAb   .     T - +1 shield {reflect}
rPois  .         Gourm    .     (helmet restricted)
rElec  .         Spirit   .     X - +1 cloak
rCorr  .         Warding  .     M - +2 pair of gloves {rF+}
rMut   .         Stasis   .     t - +1 pair of boots
MR     +....                    B - amulet of the Tempest {Clar rC+ Str+3}
Stlth  +.........               Q - +4 ring of strength
                                r - +2 ring of evasion

@: somewhat resistant to hostile enchantments, very unstealthy
A: retaliatory headbutt, hooves 1, horns 2, deterioration 1, low mp 1
a: no special abilities


You were on level 1 of the Abyss.
You were hungry.

You visited 4 branches of the dungeon, and saw 22 of its levels.
You visited the Abyss 1 time.
You also visited: Ossuary and Volcano.

You collected 1730 gold pieces.
You spent 630 gold pieces at shops.

Inventory:

Hand weapons
 L - a +7 flail of protection (weapon)
 S - a +3 flail of crushing
Armour
 t - a +1 pair of boots (worn)
 K - the +2 leather armour of Mutzes (worn) {rC+ rN+ Int+4}
   (You found it on level 9 of the Dungeon)

   It affects your intelligence (+4).
   It protects you from cold.
   It protects you from negative energy.
 M - a +2 pair of gloves of fire resistance (worn)
 T - a +1 shield of reflection (worn)
 X - a +1 cloak (worn)
Jewellery
 c - an uncursed ring of protection from fire
 g - the amulet "Stroeqeoni" {rCorr rN++}
   (You found it on level 1 of the Snake Pit)

   [amulet of resist corrosion]

   It protects you from acid and corrosion.
   It greatly protects you from negative energy.
 i - an uncursed amulet of regeneration
 m - an uncursed ring of protection from cold
 r - a +2 ring of evasion (left hand)
 B - the amulet of the Tempest (around neck) {Clar rC+ Str+3}
   (You bought it in a shop on level 8 of the Dungeon)

   [amulet of clarity]

   It provides mental clarity.
   It affects your strength (+3).
   It protects you from cold.
 N - an uncursed ring of positive energy
 Q - a +4 ring of strength (right hand)
Magical devices
 a - a wand of fire (4)
 s - a wand of digging (11)
 u - a wand of polymorph (11)
 v - a wand of fire (5)
 y - a wand of hasting (6)
 A - a wand of paralysis (12)
 R - a wand of cold (2)
 U - a wand of invisibility (3)
 W - a wand of draining (7)
 Z - a wand of cold (9)
Scrolls
 n - a scroll of fog
 w - 5 scrolls of remove curse
 E - a scroll of magic mapping
 O - 9 scrolls of teleportation
 V - a scroll of recharging
Potions
 e - 3 potions of might
 h - 4 potions of cancellation
 j - 5 potions of brilliance
 o - 5 potions of flight
 p - 2 potions of haste
 z - 4 potions of magic
 C - 7 potions of agility
 D - 6 potions of curing
 F - 5 potions of resistance
 G - 3 potions of invisibility
 H - a potion of berserk rage
 I - 3 potions of restore abilities
Books
 k - a book of Envenomations

   Spells                             Type                      Level
   a - Spider Form                    Transmutation/Poison         3
   b - Alistair's Intoxication        Transmutation/Poison         4
   c - Olgreb's Toxic Radiance        Poison                       4
   d - Poisonous Cloud                Conjuration/Poison/Air       6
 l - a Young Poisoner's Handbook

   Spells                             Type                      Level
   a - Sting                          Conjuration/Poison           1
   b - Cure Poison                    Poison                       2
   c - Mephitic Cloud                 Conjuration/Poison/Air       3
   d - Olgreb's Toxic Radiance        Poison                       4
   e - Venom Bolt                     Conjuration/Poison           5
 x - a book of Clouds

   Spells                             Type                      Level
   a - Mephitic Cloud                 Conjuration/Poison/Air       3
   b - Conjure Flame                  Conjuration/Fire             3
   c - Poisonous Cloud                Conjuration/Poison/Air       6
   d - Freezing Cloud                 Conjuration/Ice/Air          6
   e - Ring of Flames                 Charms/Fire                  7
 J - a book of Beasts

   Spells                             Type                      Level
   a - Summon Butterflies             Summoning                    1
   b - Call Canine Familiar           Summoning                    3
   c - Summon Ice Beast               Ice/Summoning                4
   d - Summon Mana Viper              Hexes/Summoning              5
   e - Monstrous Menagerie            Summoning                    6
   f - Summon Hydra                   Summoning                    7
 P - a book of Air

   Spells                             Type                      Level
   a - Shock                          Conjuration/Air              1
   b - Swiftness                      Charms/Air                   2
   c - Repel Missiles                 Charms/Air                   2
   d - Flight                         Charms/Air                   3
   e - Static Discharge               Conjuration/Air              3
   f - Lightning Bolt                 Conjuration/Air              5
 Y - a Fen Folio

   Spells                             Type                      Level
   a - Corpse Rot                     Necromancy                   2
   b - Stone Arrow                    Conjuration/Earth            3
   c - Leda's Liquefaction            Hexes/Earth                  4
   d - Summon Forest                  Summoning/Translocation      5
   e - Hydra Form                     Transmutation                6
   f - Summon Hydra                   Summoning                    7
Comestibles
 b - 9 meat rations
 d - 14 bread rations
 f - 2 royal jellies
 q - 20 fruits


   Skills:
 * Level 14.5 Fighting
 * Level 17.8 Maces & Flails
 + Level 8.7 Armour
 + Level 9.2 Dodging
 + Level 2.0 Stealth
 + Level 14.1 Shields
 * Level 4.4 Spellcasting
 + Level 1.1 Evocations


You had 21 spell levels left.
You didn't know any spells.

Dungeon Overview and Level Annotations

Branches:
Dungeon (12/15)              Lair (6/8) D:10         Shoals (1/5) Lair:5
  Snake (3/5) Lair:6          Orc (0/4) D:10
 Temple: D:4-7        Slime: Lair:6-8

Altars:
Fedhas
Gozag
Kikubaaqudgha
Nemelex Xobeh
Ru
Zin

Shops:
D:8 ((=*   D:10 (

Annotations:
D:3 1 runed door
D:6 Eustachio
Snake:3 Louise


Innate Abilities, Weirdness & Mutations

You reflexively headbutt those who attack you in melee.
You have a pair of horns on your head.
You have large cloven feet.
Your body is slowly deteriorating.
Your magical capacity is low (-10% MP).


Message History

You feel the corruption within you wane completely.
Your vision sharpens.
Your natural healing is strengthened.
You feel a little healthier.
You bludgeon the neqoxec!! Your headbutt misses the neqoxec.
The neqoxec is almost dead.
You block the neqoxec's attack.
You closely miss the neqoxec.
The neqoxec is almost dead.
The neqoxec hits you.
* * * LOW HITPOINT WARNING * * *
You hit the neqoxec but do no damage. You headbutt the neqoxec.
You kill the neqoxec!
You see here a scythe of flaming.
You start resting.
A large abomination comes into view.
You hit the large abomination.
You headbutt the large abomination, but do no damage.
The large abomination is lightly damaged.
The large abomination hits you!!
You die...

♣♣♣ # # ..♣
♣♣ ##
#♣♣♣♣.♣.♣ #
.#.♣♣)♣♣@♣
# #.....
♣.♣.X♣#
#..#.
#......♣♣
....#.
##.♣...♣ #.
.#.#.♣...♣
..#.
...#.♣♣♣♣.#
.## #..
..#.# ...
#. #.. . .
. ...#.# #
#


You could see a large abomination.

Vanquished Creatures
  3 tentacled starspawn (Abyss:1)
  A ghost moth (Abyss:1)
  Maud (Shoals:1)
  A reaper (Abyss:1)
  Azrael (Snake:1)
  2 hydras (Lair:3)
  A great orb of eyes (Abyss:1)
  Harold (D:11)
  A centaur warrior (Volcano)
  2 naga warriors
  A rakshasa (Abyss:1)
  A catoblepas (Lair:5)
  4 anacondas
  9 death yaks
  A soul eater (Abyss:1)
  A wretched star (Abyss:1)
  A shock serpent (Snake:3)
  A salamander mystic (Snake:3)
  An orc knight (D:10)
  The ghost of Alarkh the Cleaver, an experienced MiFi of Fedhas (D:5)
  2 hill giants
  5 mana vipers
  A worldbinder (Abyss:1)
  An oklob plant (Lair:5)
  A griffon (Shoals:1)
  9 black mambas
  4 elephants (Lair:4)
  6 naga magi
  8 spiny frogs
  5 komodo dragons
  2 yaktaurs (Volcano)
  A merfolk (Shoals:1)
  A troll (D:11)
  A polar bear (Lair:6)
  Grinder (D:5)
  A slime creature (Lair:5)
  Prince Ribbit (D:5)
  4 raiju (Abyss:1)
  4 wandering mushrooms (D:10)
  3 basilisks
  8 blink frogs
  28 yaks
  A ynoxinul (Abyss:1)
  3 deep elf magi
  A chaos spawn (Abyss:1)
  A vampire (Abyss:1)
  2 wyverns
  4 fire elementals (Snake:1)
  4 hippogriffs
  3 neqoxecs (Abyss:1)
  14 nagas
  11 water moccasins
  2 hell hounds (Snake:1)
  5 orc warriors
  4 ice beasts
  12 wolves
  2 phantoms
  2 black bears
  11 porcupines
  6 starcursed masses (Abyss:1)
  An eye of draining (D:10)
  3 sky beasts
  2 ogres
  A boring beetle (Lair:6)
  11 centaurs
  2 necrophages (D:9)
  6 crocodiles
  13 giant frogs
  7 small abominations (Abyss:1)
  A brain worm (Abyss:1)
  A wyvern skeleton (D:9)
  2 scorpions
  An electric eel (Lair:2)
  12 jellies
  3 crimson imps
  2 oklob saplings (D:10)
  A quasit (D:7)
  A goliath beetle (D:8)
  A centaur skeleton (D:11)
  2 giant frog skeletons
  9 hounds
  6 orc priests
  10 orc wizards
  5 worker ants
  Natasha (twice) (D:5)
  5 iguanas
  25 sheep
  Jessica (D:3)
  A big kobold zombie (Ossuary)
  A hound zombie (D:10)
  2 hound skeletons
  8 mummies (Ossuary)
  3 gnolls (D:8)
  18 adders
  9 river rats (Lair:1)
  A shadow imp (D:9)
  3 giant mites
  A worm (D:2)
  An ufetubus (Abyss:1)
  A giant gecko (D:11)
  15 oozes
  45 orcs
  2 ball pythons
  A bat skeleton (D:5)
  2 bat zombies
  4 giant cockroaches
  A gnoll zombie (Ossuary)
  17 goblins
  15 hobgoblins
  12 jackals
  9 kobolds
  10 quokkas
  8 bats
  2 giant gecko skeletons (D:4)
  3 giant newts
  2 hobgoblin zombies (Ossuary)
  3 kobold zombies (Ossuary)
  An orc zombie (Ossuary)
  12 rats
  A ballistomycete (D:11)
  5 fungi
  2 starspawn tentacles (Abyss:1)
577 creatures vanquished.

Vanquished Creatures (others)
  2 giant spores (D:11)
  5 fungi
  A plant (Lair:2)
  3 starspawn tentacles (Abyss:1)
  44 starspawn tentacle segments (Abyss:1)
55 creatures vanquished.

Grand Total: 632 creatures vanquished

Notes
Turn   | Place    | Note
--------------------------------------------------------------
     0 | D:1      | senseless, the Minotaur Fighter, began the quest for the Orb.
     0 | D:1      | Reached XP level 1. HP: 19/19 MP: 1/1
   250 | D:1      | Reached XP level 2. HP: 25/27 MP: 1/1
   355 | D:1      | Reached skill level 4 in Fighting
   749 | D:2      | Reached XP level 3. HP: 33/33 MP: 2/2
  1133 | D:2      | Found a sacrificial altar of Ru.
  1233 | D:3      | Reached XP level 4. HP: 33/41 MP: 2/2
  1262 | D:3      | Noticed Jessica
  1269 | D:3      | Killed Jessica
  1606 | D:3      | Found an ancient bone altar of Kikubaaqudgha.
  1607 | D:3      | Found a blossoming altar of Fedhas.
  1732 | D:3      | Found a glowing silver altar of Zin.
  1732 | D:3      | Noticed an angel
  1733 | D:3      | Found a runed door.
  2331 | D:4      | Reached XP level 5. HP: 47/47 MP: 2/2
  2333 | D:4      | Reached skill level 5 in Fighting
  2372 | D:4      | Reached skill level 5 in Shields
  2716 | D:4      | Found a sparkling altar of Nemelex Xobeh.
  2763 | D:5      | Entered Level 5 of the Dungeon
  2827 | D:5      | Reached XP level 6. HP: 56/56 MP: 3/3
  2890 | D:5      | Noticed Natasha
  2895 | D:5      | Noticed a phantom
  2895 | D:5      | Killed Natasha
  2938 | D:5      | Killed a phantom
  2938 | D:5      | Reached skill level 5 in Maces & Flails
  2938 | D:5      | Reached skill level 6 in Shields
  3086 | D:5      | Noticed Natasha
  3089 | D:5      | Killed Natasha
  3097 | D:5      | Reached XP level 7. HP: 43/61 MP: 3/3
  3146 | D:5      | Noticed Prince Ribbit
  3176 | D:5      | Killed Prince Ribbit
  3176 | D:5      | Reached skill level 1 in Dodging
  3340 | D:5      | Noticed a hippogriff
  3349 | D:5      | Killed a hippogriff
  3349 | D:5      | Reached skill level 5 in Armour
  3349 | D:5      | Reached skill level 7 in Shields
  3496 | D:5      | Noticed Grinder
  3498 | D:5      | Paralysed by Grinder for 6 turns
  3519 | D:5      | Killed Grinder
  3519 | D:5      | Reached XP level 8. HP: 25/71 MP: 3/3
  3791 | D:5      | Noticed Alarkh's ghost (experienced MiFi)
  3798 | D:5      | Killed Alarkh's ghost
  3798 | D:5      | Reached skill level 8 in Maces & Flails
  3954 | D:6      | Noticed Eustachio
  4266 | D:7      | Reached XP level 9. HP: 64/79 MP: 4/4
  4527 | D:7      | Found a sand-covered staircase.
  4531 | Ossuary  | Entered an ossuary
  4574 | Ossuary  | Reached skill level 9 in Shields
  5225 | D:8      | Found Plaunun's Antique Weapon Emporium.
  5229 | D:8      | Bought a glowing mace for 66 gold pieces
  5279 | D:8      | Found Fad Psax's Jewellery Shoppe.
  5285 | D:8      | Bought the amulet of the Tempest {Clar rC+ Str+3} for 564 gold pieces
  5313 | D:8      | Found Cieggienn's Assorted Antiques.
  5380 | D:8      | Found Doxulya's Weapon Shoppe.
  5978 | D:9      | Got a heavily runed leather armour
  6101 | D:9      | Reached skill level 10 in Maces & Flails
  6213 | D:9      | Gained mutation: Your magical capacity is low (-10% MP). [mutagenic meat]
  6306 | D:9      | Reached XP level 10. HP: 84/90 MP: 3/3
  6344 | D:9      | Found an opulent altar of Gozag.
  6634 | D:10     | Entered Level 10 of the Dungeon
  6711 | D:10     | Noticed an orc knight
  6712 | D:10     | Found a staircase to the Orcish Mines.
  6738 | D:10     | Killed an orc knight
  6738 | D:10     | Reached skill level 11 in Maces & Flails
  6738 | D:10     | Reached skill level 10 in Shields
  6754 | D:10     | Gained mutation: You have large cloven feet. [mutagenic meat]
  6761 | D:10     | Found Kaloh's Weapon Shop.
  6883 | D:10     | Noticed a catoblepas
  6888 | D:10     | Noticed a green ugly thing
  6979 | D:10     | Noticed a hill giant
  6984 | D:10     | Killed a hill giant
  7334 | D:10     | Found a blossoming altar of Fedhas.
  7629 | D:10     | Found a staircase to the Lair.
  7737 | D:11     | Reached skill level 12 in Maces & Flails
  7866 | D:11     | Noticed Harold
  7878 | D:11     | Killed Harold
  7878 | D:11     | Reached skill level 10 in Fighting
  8052 | D:11     | Reached XP level 11. HP: 88/99 MP: 3/3
  8211 | D:11     | Noticed a hill giant
  8220 | D:11     | Killed a hill giant
  8592 | Lair:1   | Entered Level 1 of the Lair of Beasts
  8647 | Lair:1   | Reached skill level 13 in Maces & Flails
  8669 | Lair:1   | Identified the +2 leather armour of Mutzes {rC+ rN+ Int+4} (You found it on level 9 of the Dungeon)
 10653 | Lair:2   | Reached skill level 5 in Dodging
 10721 | Lair:2   | Reached XP level 12. HP: 76/111 MP: 4/4
 11032 | Lair:3   | Reached skill level 14 in Maces & Flails
 11117 | Lair:3   | Noticed a five-headed hydra
 11126 | Lair:3   | Killed a five-headed hydra
 11225 | Lair:3   | Noticed a six-headed hydra
 11236 | Lair:3   | Killed a six-headed hydra
 11236 | Lair:3   | Reached skill level 1 in Spellcasting
 12199 | Lair:4   | Found a dark tunnel.
 12207 | Volcano  | Entered a volcano
 12235 | Volcano  | Noticed a centaur warrior
 12252 | Volcano  | Killed a centaur warrior
 12632 | Lair:4   | Reached skill level 15 in Maces & Flails
 12911 | Lair:4   | Reached XP level 13. HP: 97/119 MP: 10/11
 13408 | Lair:5   | Found a staircase to the Shoals.
 13958 | Shoals:1 | Entered Level 1 of the Shoals
 13968 | Shoals:1 | Noticed Maud
 13996 | Shoals:1 | Killed Maud
 14219 | Lair:6   | Reached skill level 1 in Evocations
 14250 | Lair:6   | Found a staircase to the Snake Pit.
 14794 | Lair:6   | Reached skill level 16 in Maces & Flails
 15324 | Lair:6   | Reached skill level 1 in Stealth
 15528 | Snake:1  | Entered Level 1 of the Snake Pit
 15599 | Snake:1  | Got a fine tin amulet
 15601 | Snake:1  | Identified the amulet "Stroeqeoni" {rCorr rN++} (You found it on level 1 of the Snake Pit)
 16012 | Snake:1  | Noticed Azrael
 16026 | Snake:1  | Killed Azrael
 16522 | Snake:2  | Reached XP level 14. HP: 116/129 MP: 16/16
 16812 | Snake:2  | Identified a scroll of acquirement
 17727 | Snake:3  | Reached skill level 17 in Maces & Flails
 17993 | Snake:3  | Noticed Louise
 18010 | Snake:3  | Cast into the Abyss (Louise)
 18067 | Abyss:1  | Found a corrupted altar of Lugonu.
 18131 | Abyss:1  | Noticed a tentacled starspawn
 18140 | Abyss:1  | Killed a tentacled starspawn
 18176 | Abyss:1  | Noticed a tentacled starspawn
 18182 | Abyss:1  | Killed a tentacled starspawn
 18536 | Abyss:1  | Noticed a tentacled starspawn
 18546 | Abyss:1  | Killed a tentacled starspawn
 18549 | Abyss:1  | Paralysed by accursed screaming for 1 turns
 18913 | Abyss:1  | Killed a ghost moth
 19073 | Abyss:1  | Gained mutation: Your body is deteriorating. [a neqoxec]
 19111 | Abyss:1  | Mangled by a large abomination

Action                   |  1- 3 |  4- 6 |  7- 9 | 10-12 | 13-15 || total
-------------------------+-------+-------+-------+-------+-------++-------
Melee: Flail             |   123 |    13 |    85 |   779 |   762 ||  1762
       Morningstar       |       |   155 |   267 |       |       ||   422
       Mace              |       |       |    19 |       |       ||    19
Evoke: Wand              |       |       |       |     3 |     5 ||     8
  Use: Scroll            |     5 |     3 |     8 |    11 |    10 ||    37
       Potion            |       |       |     6 |     1 |     2 ||     9
 Stab: Sleeping          |       |       |       |       |     1 ||     1
  Eat: Chunk             |     1 |     7 |     7 |    22 |     7 ||    44
       Meat ration       |       |       |     1 |       |       ||     1
       Fruit             |       |       |       |     1 |    10 ||    11
       Pizza             |       |       |       |       |     2 ||     2
       Royal jelly       |       |       |       |       |     1 ||     1
